 Dungeon Crawl Stone Soup version 0.27-a0-1232-gc6a4cbde82 (webtiles) character file.

Game seed: 3047596817198880723

282 patchburns1 the Magician (level 6, 0/45 HPs)
             Began as a Djinni Hedge Wizard on June 8, 2021.
             Was a Follower of Yredelemnul.
             Slain by Eustachio
             ... wielding a +0 rapier
              (7 damage)
             ... on level 4 of the Dungeon.
             The game lasted 00:32:48 (5994 turns).

patchburns1 the Magician (Djinni Hedge Wizard)      Turns: 5994, Time: 00:32:49

Health: 0/45       AC:  3    Str:  9    XL:     6   Next: 54%
Gold:   163        EV: 12    Int: 24    God:    Yredelemnul [*.....] SH:  0 Dex: 12

rFire    + + .     SeeInvis .   n - +1 dagger (drain)
rCold    x . .     Faith    .   (no shield)
rNeg     . . .     Spirit   .   g - +0 leather armour
rPois    ∞         Reflect  .   c - +0 hat
rElec    .         Harm     .   (no cloak)
rCorr    .         Rampage  .   (no gloves)
Will     .....                  (boots unavailable)
Stlth    ++........             (no amulet)
HPRegen  0.15/turn              k - +6 ring of intelligence
MPRegen  0.00/turn              (no ring)

@: flying, very slightly contaminated
A: sickness immunity, fire resistance 2, cold vulnerability 1, float, innate
caster, hp casting, extra vitality 1
a: Renounce Religion, Animate Remains


You were on level 4 of the Dungeon.
You worshipped Yredelemnul.
Yredelemnul was aware of your devotion.
You visited 1 branch of the dungeon, and saw 4 of its levels.

You collected 163 gold pieces.

Inventory:

Hand Weapons
 b - a +0 spear of venom
 j - a +0 hunting sling
 n - a +1 dagger of draining (weapon)
Missiles
 d - 81 stones
 i - 7 arrows
 l - 15 poisoned darts
 m - 8 boomerangs
Armour
 a - a +0 tower shield
 c - a +0 hat (worn)
 g - a +0 leather armour (worn)
 p - a +2 chain mail of fire resistance
Jewellery
 k - a +6 ring of intelligence (left hand)
Scrolls
 e - a scroll of magic mapping {unknown}
 f - 2 scrolls of identify {unknown}
Potions
 h - 3 potions of might {unknown}
 o - a potion of flight {unknown}


   Skills:
 * Level 2.9 Fighting
 + Level 3.4 Dodging
 + Level 2.6 Stealth
 * Level 3.8 Spellcasting


You couldn't memorise any spells.
You knew the following spells:

 Your Spells              Type           Power      Damage    Failure   Level
a - Magic Dart            Conj           88%        1d7       3%          1
b - Blink                 Tloc           N/A        N/A       4%          2
c - Call Imp              Summ           22%        N/A       4%          2
d - Slow                  Hex            22%        N/A       4%          2
e - Conjure Flame         Conj/Fire      22%        6-21      9%          3
f - Mephitic Cloud        Conj/Pois/Air  22%        N/A       9%          3
g - Shock                 Conj/Air       88%        1d8       3%          1
h - Searing Ray           Conj           44%        3d4       4%          2
Your spell library was empty.

Dungeon Overview and Level Annotations

Branches:
Dungeon (4/15)
 Temple: D:4-7

Altars:
Yredelemnul

Annotations:
D:4 Eustachio


Innate Abilities, Weirdness & Mutations

You are immune to sickness and miasma.
You are immune to poison.
Your flesh is very heat resistant. (rF++)
You are vulnerable to cold. (rC-)
You float through the air rather than walking.
You learn spells naturally, not from books.
Your magical power is your life essence.
You have superior vitality. (+4 HP)


Message History

Nothing appears to happen.
Casting: Searing Ray (safe; 4% risk of failure)
Confirm with . or Enter, or press ? or * to list all spells.
Aiming: Searing Ray (safe; 4% risk of failure)
Press: ? - help, Shift-Dir - straight line, f/p - Eustachio
Aim: Eustachio, wielding a +0 rapier and wearing a +0 leather armour (lightly wounded, 69% to hit)
The searing ray hits Eustachio.
Eustachio is lightly wounded. (Press . to maintain the ray.)
Casting: Searing Ray (safe; 4% risk of failure)
Confirm with . or Enter, or press ? or * to list all spells.
Aiming: Searing Ray (safe; 4% risk of failure)
Press: ? - help, Shift-Dir - straight line, f/p - Eustachio
Aim: Eustachio, wielding a +0 rapier and wearing a +0 leather armour (lightly wounded, 69% to hit)
The searing ray hits Eustachio.
Eustachio is moderately wounded. (Press . to maintain the ray.) Eustachio completely misses you.
The searing ray hits Eustachio!
Eustachio is heavily wounded.
Eustachio hits you with a +0 rapier!
The searing ray misses Eustachio.
Eustachio misses you.
The searing ray hits Eustachio.
Eustachio is severely wounded.
You finish channeling your searing ray.
Eustachio casts a spell.
Casting: Searing Ray (safe; 4% risk of failure)
Confirm with . or Enter, or press ? or * to list all spells.
Aiming: Searing Ray (safe; 4% risk of failure)
Press: ? - help, Shift-Dir - straight line, f/p - Eustachio
Aim: Eustachio, wielding a +0 rapier and wearing a +0 leather armour (severely wounded, 69% to hit)
The searing ray hits Eustachio.
Eustachio is severely wounded. (Press . to maintain the ray.) Eustachio hits you with a +0 rapier.
The searing ray misses Eustachio.
The iron imp hits you!
* * * LOW HITPOINT WARNING * * *
Eustachio hits you with a +0 rapier!
You die...
Your body rises from the dead as a mindless zombie.

...###......# .#
.....#......####.# ..
##...............# ....
#...#...........###....
....................$..
.......####............
###..............#....#
#.....#...#..5@5.....#
..###.....#.#5@.....>#
...##.....(:......
..................
#.................
..............#.
#.........<.....
.............##
.#...........#


You could see Eustachio, an iron imp (summoned), a white imp (summoned) and a
shadow imp (summoned).

Vanquished Creatures
  An orc priest (D:3)
  An iguana (D:3)
  An orc wizard (D:3)
  9 gnolls
  2 adders
  3 worms
  2 dart slugs (D:2)
  8 orcs
  7 bats
  6 endoplasms
  7 hobgoblins
  11 jackals
  A quokka (D:2)
  5 ball pythons
  3 frilled lizards
  7 goblins
  7 kobolds
  6 rats
87 creatures vanquished.

Notes
Turn   | Place    | Note
-------+----------+-------------------------------------------
     0 | D:1      | patchburns1 the Djinni Hedge Wizard began the quest for the
                  | Orb.
     0 | D:1      | Reached XP level 1. HP: 15/15 MP: 0/0
   517 | D:1      | Reached XP level 2. HP: 6/21 MP: 0/0
   974 | D:1      | Reached XP level 3. HP: 16/25 MP: 0/0
   974 | D:1      | Learned a level 1 spell: Shock
  2294 | D:2      | Reached XP level 4. HP: 20/31 MP: 0/0
  2427 | D:2      | Reached skill level 1 in Fighting
  3065 | D:2      | Found a basalt altar of Yredelemnul.
  3073 | D:2      | Became a worshipper of Yredelemnul the Dark
  3312 | D:2      | Found a faded altar of an unknown god.
  4013 | D:2      | Reached XP level 5. HP: 10/38 MP: 0/0
  4013 | D:2      | Learned a level 2 spell: Searing Ray
  5108 | D:3      | Reached XP level 6. HP: 17/45 MP: 0/0
  5108 | D:3      | Reached * piety under Yredelemnul
  5982 | D:4      | Noticed Eustachio
  5994 | D:4      | Slain by Eustachio

Illustrated notes

Levels and vault maps discovered:
D:1:      eino_arrival_water_cross, layout_basic, grunt_decor_fettered,
          chequers_serial_rivers_small_b
D:2:      layout_basic, basic_altar, shapermc_ecumenical_altar_totnotflames
D:3:      layout_basic
D:4:      layout_rooms, kennysheep_mini_moat, grunt_temple_overflow_cloverleaf,
          amethyst_overflow_temple_binary, minmay_temple_entry_tees,
          dk_vineyard_3, uniq_eustachio, uniq_edmund

Skill      XL: |  1  2  3  4  5 |
---------------+----------------+-----
Spellcasting   | 3 |  3.8
Fighting       | 1 2 |  2.9
Stealth        | 2 |  2.6
Dodging        | 3 |  3.4

Action                   |  1- 3 |  4- 6 || total
-------------------------+-------+-------++-------
Melee: Dagger            |    37 |    85 ||   122
 Cast: Magic Dart        |    68 |    11 ||    79
       Blink             |     2 |       ||     2
       Shock             |       |    67 ||    67
       Mephitic Cloud    |       |     4 ||     4
       Searing Ray       |       |    10 ||    10
 Stab: Confused          |       |     2 ||     2
Armor: Robe              |     5 |       ||     5
       Leather armour    |    12 |    30 ||    42
Dodge: Dodged            |    35 |    70 ||   105

Table legend: (Time is in decaauts)
 A = Elapsed time spent in this place.
 B = Non-inter-level travel time spent in this place.
 C = Inter-level travel time spent in this place.
 D = Time resting spent in this place.
 E = Time spent auto-exploring this place.
 F = Levels seen in this place.
 G = Mean time per level.
                   A        B        C        D        E       F      G
               +--------+--------+--------+--------+--------+-----+--------+
         Total |   5993 |   5830 |    163 |   1815 |   2696 |   4 | 1498.2 |
       Dungeon |   5993 |   5830 |    163 |   1815 |   2696 |   4 | 1498.2 |
               +--------+--------+--------+--------+--------+-----+--------+

Top non-repeatable levels by time:
     D:1: 2208 daAuts
     D:2: 2168 daAuts
     D:3: 1395 daAuts
     D:4: 220 daAuts
